 Dungeon Crawl Stone Soup version 0.13-a0-3133-gec0fa00 (webtiles) character file.

628 Misa the Skirmisher (level 6, 0/47 HPs)
             Began as a Mummy Chaos Knight on Sept 21, 2013.
             Was a Plaything of Xom.
             Slain by an orc
             ... wielding a +0,+1 orcish hand axe of chopping
              (1 damage)
             ... on Level 5 of the Dungeon.
             The game lasted 00:15:07 (4991 turns).

Misa the Skirmisher (Mummy Chaos Knight)            Turns: 4991, Time: 00:15:08

HP   0/47        AC  6     Str 17      XL: 6   Next: 94%
MP   0/6         EV  9     Int 11      God: Xom
Gold 128         SH  6     Dex 11      Spells:  1 memorised,  4 levels left

Res.Fire  : x . .   See Invis. : +   a - +2,+0 falchion (chaos)
Res.Cold  : + . .   Warding    : .   b - +2 leather armour (curse)
Life Prot.: + + +   Conserve   : .   n - +0 buckler
Res.Poison: +       Res.Corr.  : +   c - +0 helmet
Res.Elec. : .       Clarity    : .   (no cloak)
Sust.Abil.: . .     Spirit.Shd : .   (no gloves)
Res.Mut.  : .       Rnd.Telep. : +   (no boots)
Res.Rott. : +       Flight     : .   e - amulet of resist corrosion
Saprovore : . . .                    i - ring of teleportation
                                     h - ring of see invisible

@: very slightly contaminated, somewhat resistant to hostile enchantments,
fairly stealthy
A: no food or potions, fire vulnerability, restore body, cold resistance 1, life
protection 3, poison resistance, torment resistance, unbreathing
a: Renounce Religion, Evoke Teleportation


You were on level 5 of the Dungeon.
You worshipped Xom.
You were a plaything of Xom.
You were not hungry.

You visited 1 branch of the dungeon, and saw 6 of its levels.

You collected 290 gold pieces.
You spent 182 gold pieces at shops.

Inventory:

Hand weapons
 a - a +2,+0 falchion of chaos (weapon)
 l - a +0 blowgun
Missiles
 m - 34 poisoned needles
Armour
 b - a cursed +2 leather armour (worn)
 c - a +0 helmet (worn)
 n - a +0 buckler (worn)
Scrolls
 f - 2 scrolls of recharging {unknown}
 j - 3 scrolls of magic mapping
 o - 2 scrolls of remove curse
 r - a scroll of identify
Jewellery
 d - an uncursed ring of fire
 e - an amulet of resist corrosion (around neck)
 g - an uncursed amulet of resist mutation
 h - a ring of see invisible (left hand)
 i - a ring of teleportation (right hand)
 k - an uncursed ring of see invisible
Books
 p - a book of Spatial Translocations

   Spells                             Type                      Level
   Apportation                        Translocation                1
   Portal Projectile                  Translocation                2
   *Blink                             Translocation                2
   Shroud of Golubria                 Charms/Translocation         2
   Teleport Other                     Translocation                3
   Passage of Golubria                Translocation                4


   Skills:
 + Level 5.2 Fighting
 + Level 4.2 Long Blades
 - Level 1.5 Armour
 - Level 0.7 Dodging
 + Level 3.3 Stealth
 + Level 0.5 Spellcasting
 + Level 0.4 Translocations


You had 4 spell levels left.
You knew the following spells:

 Your Spells              Type           Power        Failure   Level  Hunger
a - Blink                 Tloc           N/A          69%         2    N/A

Dungeon Overview and Level Annotations

Branches:
Dungeon (6/27)
 Temple: D:4-7          Orc: D:6-11

Altars:
Xom

Shops:
D:5 ?

Annotations:
D:3 1 exclusion


Innate Abilities, Weirdness & Mutations

You do not eat or drink.
Your flesh is vulnerable to fire.
Your flesh is cold resistant.
You are immune to negative energy.
Your system is resistant to poisons.
You are immune to unholy pain and torment.
You can survive without breathing.


Message History

Space warps around you.
The centaur shoots an arrow.
The arrow misses you.
The centaur shoots an arrow.
The arrow hits you!
* * * LOW HITPOINT WARNING * * *
Casting: Blink
Confirm with . or Enter, or press ? or * to list all spells.
You miscast Blink.
You spin around.
The centaur shoots an arrow.
The arrow hits you!
* * * LOW HITPOINT WARNING * * *
Unknown command.
Casting: Blink
Confirm with . or Enter, or press ? or * to list all spells.
You don't have enough magic to cast that spell.
The centaur shoots an arrow.
The arrow hits you!
* * * LOW HITPOINT WARNING * * *
You see here 2 arrows.
The orc looks more healthy.
The orc hits you with a glowing orcish hand axe.
* * * LOW HITPOINT WARNING * * *
You die...
Xom thinks this is hilarious!

#....# ####(#
#########%#####
#........>....#
#.............#
#......(c.....# ######
#.....o.......###)....
#.....o(%.........####
#....@(.......##### #
##.############ # #..#
# ##.### # #...# #
###.######### ####
#...........# #...
#...........#####...
#.........!.....'...


You could see a centaur and 2 orcs.

Vanquished Creatures
  An ogre (D:5)
  A goliath beetle (D:6)
  A crimson imp (D:5)
  An orc wizard (D:6)
  An orc priest (D:3)
  A worker ant (D:4)
  2 adders (D:2)
  A gnoll (D:1)
  A giant mite (D:4)
  2 worms
  3 giant geckos
  An ooze (D:4)
  17 orcs
  2 ball pythons
  7 giant cockroaches
  7 hobgoblins
  A jackal (D:1)
  7 kobolds
  A quokka (D:5)
  13 bats
  4 giant newts
  10 goblins
  A goblin skeleton (D:5)
  A hobgoblin skeleton (D:4)
  A hobgoblin zombie (D:5)
  A kobold skeleton (D:5)
  13 rats
102 creatures vanquished.

Vanquished Creatures (collateral kills)
  An ogre (D:4)
  An ice beast (D:5)
  A kobold (D:5)
3 creatures vanquished.

Vanquished Creatures (others)
  A jackal (D:5)
  A rat (D:5)
2 creatures vanquished.

Grand Total: 107 creatures vanquished

Notes
Turn   | Place    | Note
--------------------------------------------------------------
     0 | D:1      | Misa, the Mummy Chaos Knight, began the quest for the Orb.
     0 | D:1      | Reached XP level 1. HP: 16/16 MP: 1/1
   240 | D:1      | XOM: divination: detect items
   377 | D:1      | Reached XP level 2. HP: 13/22 MP: 2/2
   381 | D:1      | XOM: potion effect (heal wounds)
   430 | D:1      | XOM: harmless Trmt miscast
   497 | D:1      | XOM: divination: magic mapping
   590 | D:1      | Reached skill level 1 in Stealth
   626 | D:1      | XOM: harmless Conj miscast
  1082 | D:1      | Reached XP level 3. HP: 19/28 MP: 3/3
  1712 | D:2      | Reached XP level 4. HP: 30/34 MP: 4/4
  2009 | D:3      | XOM: mild Necr miscast
  2014 | D:3      | Reached skill level 4 in Fighting
  2217 | D:3      | XOM: mild Trmt miscast
  2837 | D:4      | Reached XP level 5. HP: 38/40 MP: 5/5
  2872 | D:4      | XOM: scenery: create altars
  3005 | D:4      | XOM: colour smoke trail
  3091 | D:4      | Found a shimmering altar of Xom.
  3093 | D:4      | Found a shimmering altar of Xom.
  3093 | D:4      | Found a shimmering altar of Xom.
  3386 | D:4      | Noticed an ogre
  3396 | D:4      | XOM: summons friendly lemure
  3401 | D:4      | Killed an ogre
  3856 | D:5      | Entered Level 5 of the Dungeon
  3856 | D:5      | Found Rabucoko's Magic Scroll Shoppe.
  3858 | D:5      | XOM: god gift: bread ration
  3907 | D:5      | Bought a scroll of enchant weapon I for 77 gold pieces
  3907 | D:5      | Bought a scroll of blinking for 77 gold pieces
  3907 | D:5      | Bought a scroll of identify for 28 gold pieces
  4012 | D:5      | Reached XP level 6. HP: 47/47 MP: 6/6
  4023 | D:5      | Noticed an ogre
  4034 | D:5      | Killed an ogre
  4141 | D:5      | XOM: potion effect (brilliance)
  4143 | D:5      | Reached skill level 5 in Fighting
  4167 | D:5      | Noticed an ice beast
  4175 | D:5      | Killed an ice beast
  4225 | D:5      | Learned a level 2 spell: Blink
  4404 | D:5      | XOM: 10-stop teleportation journey
  4988 | D:5      | HP: 2/47 [centaur/arrow (1)]
  4991 | D:5      | Slain by an orc

Action                   |  1- 3 |  4- 6 || total
-------------------------+-------+-------++-------
Melee: Falchion          |   115 |   192 ||   307
 Fire: Blowgun           |       |    25 ||    25
 Cast: Blink             |       |     1 ||     1
  Use: Scroll            |     8 |     9 ||    17
 Stab: Sleeping          |     1 |     2 ||     3
       Confused          |     1 |       ||     1
       Paralysed         |       |     3 ||     3
